 Dungeon Crawl Stone Soup version 0.28.0-53-g5a82cb258f (webtiles) character file.

Game seed: 2234333894925706061

25400 LustLizard the Thaumaturge (level 13, 0/88 HPs)
             Began as a Gnoll Wanderer on Aug 6, 2022.
             Was an Elder of Hepliaklqana.
             Slain by an orc warrior
             ... wielding a +0 short sword
             ... led by an orc warlord
              (12 damage)
             ... while paralysed by an orc sorcerer
             ... on level 2 of the Orcish Mines.
             The game lasted 00:44:37 (17277 turns).

LustLizard the Thaumaturge (Gnoll Wanderer)        Turns: 17277, Time: 00:44:37

Health: 0/88       AC:  9    Str: 19    XL:     13   Next: 19%
Magic:  5/29       EV:  2    Int: 15    God:    Hepliaklqana [****..]
Gold:   1168       SH:  0    Dex: 16    Spells: 19/36 levels left

rFire   x . .      SeeInvis +   E - +5 shortbow "Kaipanen" {freeze, Str+4 SInv}
rCold   + . .      Faith    .   (shield currently unavailable)
rNeg    . . .      Spirit   .   F - +0 acid dragon scales
rPois   .          Reflect  .   q - +1 helmet
rElec   +          Harm     .   R - +2 cloak {rCorr}
rCorr   +          Rampage  .   g - +0 pair of gloves
Will    .....                   b - +0 pair of boots
Stlth   ++++......              C - amulet of magic regeneration
HPRegen 0.24/turn               v - +6 ring of dexterity
MPRegen 0.61/turn               N - ring of Xotuisk {Ice rElec}

@: paralysed, corroded, very slightly contaminated, invisible
A: reduced essence, fangs 1, strong nose, distributed training
a: Renounce Religion, Recall Ancestor, Ancestor Identity, Transference, Idealise


You were on level 2 of the Orcish Mines.
You worshipped Hepliaklqana.
Hepliaklqana was greatly pleased with you.
You visited 2 branches of the dungeon, and saw 14 of its levels.

You collected 1168 gold pieces.

Inventory:

Hand Weapons
 E - the +5 shortbow "Kaipanen" (weapon) {freeze, Str+4 SInv}
   (You found it on level 10 of the Dungeon)

   Any ammunition fired from it freezes those it strikes, dealing additional
   cold damage.
   It can also slow down cold-blooded creatures.
   Str:       It affects your strength (+4).
   SInv:      It lets you see invisible.
 H - a +5 spear
Missiles
 f - 508 stones
 u - 50 poisoned darts
 G - 148 arrows (quivered ammo)
 S - 6 throwing nets
 V - 3 curare-tipped darts
Armour
 b - a +0 pair of boots (worn)
 g - a +0 pair of gloves (worn)
 o - an orb of light
 q - a +1 helmet (worn)
 F - +0 acid dragon scales (worn)
 Q - a +0 buckler
 R - a +2 cloak of preservation (worn)
Magical Staves
 n - a staff of earth
Jewellery
 h - a ring of wizardry
 m - the ring "Boshrost" {Will+ EV+4 Str+5 Int+4}
   (You took it off a tengu conjurer on level 10 of the Dungeon)

   [ring of evasion]

   EV:        It affects your evasion (+4).
   Str:       It affects your strength (+5).
   Int:       It affects your intelligence (+4).
   Will:      It increases your willpower.
 t - a ring of protection from fire
 v - a +6 ring of dexterity (left hand)
 C - an amulet of magic regeneration (around neck)
 N - the ring of Xotuisk (right hand) {Ice rElec}
   (You found it on level 7 of the Dungeon)

   [ring of ice]

   It enhances your ice magic.
   rF:        It makes you vulnerable to fire.
   rC:        It protects you from cold.
   rElec:     It insulates you from electricity.
Wands
 c - a wand of charming (7)
 x - a wand of paralysis (9)
 D - a wand of digging (4)
 K - a wand of polymorph (9)
 O - a wand of iceblast (21)
 W - a wand of flame (10)
Scrolls
 a - a scroll of fog {unknown}
 e - 3 scrolls of magic mapping {unknown}
 l - 3 scrolls of vulnerability {unknown}
 p - 3 scrolls of noise
 w - 2 scrolls of enchant weapon {unknown}
 y - 4 scrolls of teleportation
 B - 4 scrolls of amnesia
 M - a scroll of holy word
 T - 3 scrolls of immolation {unknown}
 X - 3 scrolls of enchant armour
Potions
 d - 3 potions of haste
 i - 3 potions of heal wounds
 j - 4 potions of might
 k - a potion of mutation
 r - 3 potions of curing
 s - a potion of brilliance
 z - 2 potions of attraction
 A - a potion of ambrosia
 J - 2 potions of magic
 L - a potion of flight
 P - 2 potions of cancellation
 Z - a potion of resistance
Miscellaneous
 U - a box of beasts


   Skills:
 + Level 8.0 Fighting
 + Level 8.0 Short Blades
 + Level 8.0 Long Blades
 + Level 8.0 Axes
 + Level 8.0 Maces & Flails
 + Level 8.0 Polearms
 + Level 8.0 Staves
 + Level 8.0 Slings
 + Level 8.0 Bows
 + Level 8.0 Crossbows
 + Level 8.0 Throwing
 + Level 9.3 Armour
 + Level 8.0 Dodging
 + Level 8.0 Stealth
 + Level 8.0 Shields
 + Level 8.0 Unarmed Combat
 + Level 12.2 Spellcasting
 + Level 6.7 Conjurations
 + Level 6.7 Hexes
 + Level 6.7 Summonings
 + Level 6.7 Necromancy
 + Level 6.7 Translocations
 + Level 6.7 Transmutations
 + Level 6.7 Fire Magic
 + Level 6.7 Ice Magic
 + Level 9.8 Air Magic
 + Level 6.7 Earth Magic
 + Level 6.7 Poison Magic
 + Level 8.8 Invocations
 + Level 8.0 Evocations


You had 19 spell levels left.
You knew the following spells:

 Your Spells              Type           Power      Damage    Failure   Level
a - Shock                 Conj/Air       100%       1d9       1%          1
b - Foxfire               Conj/Fire      100%       2x1d9     1%          1
c - Airstrike             Air            19%        N/A       1%          4
d - Tukima's Dance        Hex            29%        N/A       1%          3
e - Cause Fear            Hex            14%        N/A       6%          4
f - Passage of Golubria   Tloc           29%        N/A       6%          4

Your spell library contained the following spells:

 Spells                   Type           Power      Damage    Failure   Level
 Summon Small Mammal      Summ           100%       N/A       1%          1
 Static Discharge         Conj/Air       34%        N/A       1%          2
 Call Canine Familiar     Summ           29%        N/A       1%          3
 Inner Flame              Hex/Fire       29%        N/A       1%          3
 Summon Guardian Golem    Hex/Summ       29%        N/A       1%          3
 Yara's Violent Unravell  Hex/Tmut       14%        3d7       17%         5
 Dragon Form              Tmut           14%        N/A       99%         7
 Malign Gateway           Summ/Tloc      14%        N/A       99%         7
 Summon Horrible Things   Summ           14%        N/A       100%        8
 Dragon's Call            Summ           14%        N/A       100%        9


Dungeon Overview and Level Annotations

Branches:
Dungeon (12/15)            Temple (0/1) D:6            Lair (0/6) D:8
    Orc (2/2) D:11            Elf (0/3) Orc:2

Altars:
Dithmenos
Fedhas
Hepliaklqana
Makhleb
Okawaru
Wu Jian
Xom
Yredelemnul

Shops:
D:3 =   D:4 =

Annotations:
D:9 3 runed translucent doors, Cheops's ghost, journeyman MiFi


Innate Abilities, Weirdness & Mutations

Your life essence is reduced to manifest your ancestor. (-10% HP)
You have very sharp teeth.
Your uncanny sense of smell can sniff out nearby items.
Your experience applies equally to all skills.


Message History

Okay, then.
Casting: Airstrike (dangerous; 1% risk of failure)
Confirm with . or Enter, or press ? or * to list all spells.
Aiming: Airstrike (dangerous; 1% risk of failure)
Press: ? - help, Dir - move target, f/p - orc sorcerer
Aim: an orc sorcerer, wielding a +0 dagger and wearing a +0 robe (severely wounded, strong, empty space bonus: 4/8)
The air twists around and strikes the orc sorcerer.
The orc sorcerer is almost dead.
The orc warrior misses you.
The orc priest hits you but does no damage.
The orc sorcerer hits you but does no damage.
Casting: Airstrike (dangerous; 1% risk of failure)
Confirm with . or Enter, or press ? or * to list all spells.
You don't have enough magic to cast this spell.
Casting: Airstrike (dangerous; 1% risk of failure)
Confirm with . or Enter, or press ? or * to list all spells.
Aiming: Shock (safe; 1% risk of failure)
Press: ? - help, Shift-Dir - straight line, f/p - orc sorcerer
Aim: an orc sorcerer, wielding a +0 dagger and wearing a +0 robe (almost dead, strong, 67% to hit)
The zap hits the orc sorcerer but does no damage.
The orc sorcerer is almost dead.
The orc no longer looks unusually strong.
The orc warrior hits you with a +0 short sword.
The orc priest hits you but does no damage.
The orc sorcerer casts a spell at you.
You suddenly lose the ability to move!
The rust devil hits you.
The orc warrior hits you with a +0 short sword.
The orc hits you but does no damage.
The orc sorcerer hits you with a +0 dagger!
* * * LOW HITPOINT WARNING * * *
The rust devil hits you. The rust devil corrodes you!
The orc warrior hits you with a +0 short sword.
* * * LOW HITPOINT WARNING * * *
The orc hits you but does no damage.
The orc sorcerer hits you but does no damage.
The orc sorcerer no longer looks unusually strong.
The rust devil hits you. The rust devil corrodes you!
The orc warrior hits you with a +0 short sword!
You die...

####.. ##....... ....
......###.....>. ##.
##.....#....# ##.$
#.....##...# ..).
#....[.....## ....[o
##..........# ....[#
###.......#####.... #
#........#.......
##.o@o.......#..#
#..oo4......#...#
##.)#.###..#...##
#...### #...o#### #.
#...#####o.....<# #..
#...(.##...##........
##....#...##.........
##(..4..#.#.#......#
##...#######.#...##


You could see a rust devil (summoned), an orc sorcerer, an orc warrior (strong),
an orc priest (strong) and an orc.

Vanquished Creatures
  An orc warlord (Orc:2)
  Harold (D:8)
  A hydra (D:10)
  2 ogre magi (D:10)
  2 two-headed ogres
  A centaur warrior (D:12)
  An orc knight (Orc:1)
  A deep elf pyromancer (D:10)
  3 ugly things
  An orc sorcerer (Orc:2)
  A manticore (D:10)
  A centaur zombie (D:8)
  A gargoyle (D:10)
  The ghost of Lennethare the Vexing, a novice DrCj (D:5)
  Maggie (D:6)
  A kobold demonologist (D:9)
  A komodo dragon (D:11)
  2 tengu conjurers (D:10)
  2 trolls (Orc:1)
  3 meliai (D:8)
  Grinder (D:5)
  Eustachio (D:5)
  7 yaks
  Grum (D:7)
  4 vampire mosquitoes
  A warg (Orc:1)
  An acid dragon (D:11)
  A black bear (D:5)
  12 orc warriors
  An ice beast (D:8)
  A sky beast (D:6)
  A wolf (D:8)
  5 ogres
  5 centaurs
  3 kobold brigands
  A bullfrog (D:7)
  2 scorpions
  4 killer bees
  2 water moccasin skeletons
  5 wights
  2 howler monkeys
  2 electric eels (D:11)
  A bullfrog zombie (D:6)
  4 gnoll shamans
  11 orc priests
  A human zombie (D:5)
  A jelly (D:6)
  A bullfrog skeleton (D:6)
  Ijyb (D:5)
  3 iguanas
  15 orc wizards
  2 killer bee zombies
  A howler monkey zombie (D:8)
  Robin (D:2)
  6 adders
  A howler monkey skeleton (D:7)
  5 gnolls (D:11)
  A shadow imp (D:6)
  An ufetubus (D:4)
  An adder skeleton (D:4)
  5 dart slugs
  51 orcs
  12 bats
  10 endoplasms
  9 giant cockroaches
  16 goblins
  11 hobgoblins
  2 jackals (D:4)
  19 kobolds
  4 quokkas
  8 ball pythons
  A frilled lizard (D:1)
  5 rats
301 creatures vanquished.

Vanquished Creatures (collateral kills)
  3 two-headed ogres
  Pikel (D:6)
  An orc knight (D:10)
  A cyclops (D:11)
  Maurice (D:8)
  A gargoyle (D:10)
  2 trolls
  A wraith (D:9)
  3 yaks
  A human (D:5)
  4 vampire mosquitoes
  Menkaure (D:6)
  A warg (Orc:1)
  2 water moccasins
  5 orc warriors
  An ogre (D:6)
  A centaur (D:11)
  A wolf (D:8)
  2 lemures (D:6)
  Blork the orc (D:6)
  2 kobold brigands
  2 scorpions (D:6)
  3 wights (D:6)
  5 killer bees
  2 howler monkeys (D:8)
  A centaur zombie (D:7)
  An orc priest (Orc:2)
  A bullfrog zombie (D:5)
  A human zombie (D:5)
  A gnoll shaman (D:11)
  An orc wizard (Orc:1)
  2 iguanas (D:5)
  3 gnolls (D:11)
  2 white imps
  12 orcs
73 creatures vanquished.

Vanquished Creatures (others)
  A dancing weapon (D:10)
  7 knights
  An ancestor (D:4)
  An orc (Orc:2)
  15 foxfires
  6 fungi (D:11)
  10 plants (D:11)
41 creatures vanquished.

Grand Total: 415 creatures vanquished

Notes
Turn   | Place    | Note
-------+----------+-------------------------------------------
     0 | D:1      | Reached skill level 9 in Spellcasting
     0 | D:1      | LustLizard the Gnoll Wanderer began the quest for the Orb.
     0 | D:1      | LustLizard set off with the following items: a +0 club, a
                  | +0 ring mail; and the following spells available to
                  | memorise: Shock, Static Discharge, Airstrike, Foxfire,
                  | Inner Flame
     0 | D:1      | Reached XP level 1. HP: 13/13 MP: 10/10
     2 | D:1      | Learned a level 1 spell: Shock
     4 | D:1      | Learned a level 1 spell: Foxfire
   124 | D:1      | Reached XP level 2. HP: 19/19 MP: 7/12
   289 | D:1      | Found a faded altar of an unknown god.
   523 | D:1      | Reached XP level 3. HP: 25/25 MP: 8/13
  1212 | D:2      | Reached skill level 1 in Invocations
  1315 | D:2      | Noticed Robin
  1319 | D:2      | Killed Robin
  1320 | D:2      | Reached skill level 1 in Fighting
  1320 | D:2      | Reached skill level 1 in Short Blades
  1320 | D:2      | Reached skill level 1 in Long Blades
  1320 | D:2      | Reached skill level 1 in Axes
  1320 | D:2      | Reached skill level 1 in Maces & Flails
  1320 | D:2      | Reached skill level 1 in Polearms
  1320 | D:2      | Reached skill level 1 in Staves
  1320 | D:2      | Reached skill level 1 in Slings
  1320 | D:2      | Reached skill level 1 in Bows
  1320 | D:2      | Reached skill level 1 in Crossbows
  1320 | D:2      | Reached skill level 1 in Throwing
  1320 | D:2      | Reached skill level 1 in Dodging
  1320 | D:2      | Reached skill level 1 in Stealth
  1320 | D:2      | Reached skill level 1 in Shields
  1320 | D:2      | Reached skill level 1 in Unarmed Combat
  1320 | D:2      | Reached skill level 1 in Evocations
  1320 | D:2      | Reached XP level 4. HP: 32/32 MP: 8/15
  2059 | D:2      | Learned a level 4 spell: Airstrike
  2103 | D:3      | Reached skill level 1 in Conjurations
  2103 | D:3      | Reached skill level 1 in Hexes
  2103 | D:3      | Reached skill level 1 in Summonings
  2103 | D:3      | Reached skill level 1 in Necromancy
  2103 | D:3      | Reached skill level 1 in Translocations
  2103 | D:3      | Reached skill level 1 in Transmutations
  2103 | D:3      | Reached skill level 1 in Fire Magic
  2103 | D:3      | Reached skill level 1 in Ice Magic
  2103 | D:3      | Reached skill level 1 in Earth Magic
  2103 | D:3      | Reached skill level 1 in Poison Magic
  2452 | D:3      | Found Lian Dof's Jewellery Shop.
  2504 | D:3      | Found a hazy altar of Hepliaklqana.
  2514 | D:3      | Became a worshipper of Hepliaklqana the Forgotten
  2561 | D:3      | Found a shimmering altar of Xom.
  2635 | D:3      | Reached XP level 5. HP: 37/37 MP: 13/16
  3427 | D:4      | Reached XP level 6. HP: 43/44 MP: 18/18
  3563 | D:4      | Found Doant's Jewellery Shop.
  3602 | D:4      | Reached * piety under Hepliaklqana
  3877 | D:4      | Reached skill level 5 in Armour
  4344 | D:5      | Entered Level 5 of the Dungeon
  4375 | D:5      | Found a transporter.
  4375 | D:5      | Noticed Lennethare's ghost (novice DrCj)
  4534 | D:5      | Noticed Eustachio
  4545 | D:5      | Killed Eustachio
  4546 | D:5      | Reached XP level 7. HP: 45/45 MP: 11/20
  4654 | D:5      | Found a runed translucent door.
  4655 | D:5      | Noticed a human
  4716 | D:5      | Found a basalt altar of Yredelemnul.
  4807 | D:5      | Reached ** piety under Hepliaklqana
  4808 | D:5      | Remembered your ancestor Nkonkoni as a knight
  4825 | D:5      | Found a transporter.
  5024 | D:5      | Noticed Grinder
  5042 | D:5      | Paralysed by Grinder for 6 turns
  5049 | D:5      | Killed Grinder
  5050 | D:5      | Reached XP level 8. HP: 22/51 MP: 2/21
  5350 | D:5      | Noticed Ijyb
  5356 | D:5      | Killed Ijyb
  5547 | D:6      | Noticed Blork the orc
  5552 | D:6      | Killed Blork the orc
  5873 | D:6      | Noticed Menkaure
  5874 | D:6      | Killed Menkaure
  5914 | D:6      | Noticed Maggie
  5924 | D:6      | Killed Maggie
  5925 | D:6      | Reached skill level 10 in Spellcasting
  6065 | D:6      | Reached XP level 9. HP: 58/58 MP: 15/23
  6195 | D:6      | Found a staircase to the Ecumenical Temple.
  6442 | D:6      | Noticed Pikel
  6455 | D:6      | Killed Pikel
  7267 | D:6      | Reached skill level 5 in Invocations
  7968 | D:7      | Identified the ring of Xotuisk {Ice rElec}
  8198 | D:7      | Reached XP level 10. HP: 65/65 MP: 16/24
  8402 | D:7      | Reached *** piety under Hepliaklqana
  9026 | D:5      | Reached skill level 5 in Fighting
  9026 | D:5      | Reached skill level 5 in Short Blades
  9026 | D:5      | Reached skill level 5 in Long Blades
  9026 | D:5      | Reached skill level 5 in Axes
  9026 | D:5      | Reached skill level 5 in Maces & Flails
  9026 | D:5      | Reached skill level 5 in Polearms
  9026 | D:5      | Reached skill level 5 in Staves
  9026 | D:5      | Reached skill level 5 in Slings
  9026 | D:5      | Reached skill level 5 in Bows
  9026 | D:5      | Reached skill level 5 in Crossbows
  9026 | D:5      | Reached skill level 5 in Throwing
  9026 | D:5      | Reached skill level 5 in Dodging
  9026 | D:5      | Reached skill level 5 in Stealth
  9026 | D:5      | Reached skill level 5 in Shields
  9026 | D:5      | Reached skill level 5 in Unarmed Combat
  9026 | D:5      | Reached skill level 5 in Evocations
  9042 | D:5      | Killed Lennethare's ghost
  9252 | D:8      | Noticed Grum
  9259 | D:7      | Killed Grum
  9464 | D:8      | Noticed Harold
  9473 | D:8      | Killed Harold
  9589 | D:8      | Learned a level 3 spell: Tukima's Dance
  9631 | D:8      | Noticed Maurice
  9647 | D:8      | Killed Maurice
  9963 | D:8      | Reached skill level 11 in Spellcasting
  9963 | D:8      | Reached XP level 11. HP: 37/72 MP: 15/26
 10226 | D:8      | Found a staircase to the Lair.
 10315 | D:8      | Found a blossoming altar of Fedhas.
 10681 | D:9      | Found a shadowy altar of Dithmenos.
 10700 | D:9      | Found a runed translucent gate.
 10701 | D:9      | Found a runed translucent gate.
 10702 | D:9      | Found a runed translucent gate.
 10727 | D:9      | Noticed Cheops's ghost (journeyman MiFi)
 10739 | D:9      | Noticed a two-headed ogre
 10743 | D:9      | Killed a two-headed ogre
 10744 | D:9      | Reached skill level 5 in Conjurations
 10744 | D:9      | Reached skill level 5 in Hexes
 10744 | D:9      | Reached skill level 5 in Summonings
 10744 | D:9      | Reached skill level 5 in Necromancy
 10744 | D:9      | Reached skill level 5 in Translocations
 10744 | D:9      | Reached skill level 5 in Transmutations
 10744 | D:9      | Reached skill level 5 in Fire Magic
 10744 | D:9      | Reached skill level 5 in Ice Magic
 10744 | D:9      | Reached skill level 5 in Earth Magic
 10744 | D:9      | Reached skill level 5 in Poison Magic
 10783 | D:9      | Found a burning altar of Makhleb.
 10785 | D:9      | Noticed a cacodemon
 11562 | D:10     | Entered Level 10 of the Dungeon
 11675 | D:10     | Found an iron altar of Okawaru.
 11683 | D:10     | Reached **** piety under Hepliaklqana
 11931 | D:10     | Noticed a two-headed ogre
 11950 | D:10     | Killed a two-headed ogre
 12519 | D:10     | Noticed a two-headed ogre
 12524 | D:10     | Killed a two-headed ogre
 12649 | D:10     | Identified the ring "Boshrost" {Will+ EV+4 Str+5 Int+4}
 12788 | D:10     | Noticed an orc knight
 12800 | D:10     | Killed an orc knight
 12900 | D:10     | Noticed a manticore
 12904 | D:10     | Killed a manticore
 12990 | D:10     | Found an ornate altar of the Wu Jian Council.
 13034 | D:10     | Noticed an eight-headed hydra
 13049 | D:10     | Killed an eight-headed hydra
 13050 | D:10     | Reached XP level 12. HP: 80/80 MP: 5/27
 13225 | D:10     | Noticed an ogre mage
 13230 | D:10     | Killed an ogre mage
 13446 | D:10     | Identified the +5 shortbow "Kaipanen" {freeze, Str+4 SInv}
 13701 | D:10     | Noticed an ogre mage
 13706 | D:10     | Noticed a two-headed ogre
 13857 | D:9      | Killed a two-headed ogre
 14127 | D:10     | Killed an ogre mage
 14166 | D:10     | Identified the +4 hand crossbow "Asumyo" {venom, Str+2}
 14488 | D:11     | Found a staircase to the Orcish Mines.
 14655 | D:11     | Noticed a two-headed ogre
 14665 | D:11     | Killed a two-headed ogre
 15117 | D:11     | Reached skill level 12 in Spellcasting
 15726 | D:12     | Noticed a centaur warrior
 15734 | D:12     | Killed a centaur warrior
 15904 | Orc:1    | Entered Level 1 of the Orcish Mines
 16357 | Orc:1    | Reached XP level 13. HP: 60/88 MP: 8/29
 16798 | Orc:1    | Reached ***** piety under Hepliaklqana
 16908 | Orc:2    | Entered Level 2 of the Orcish Mines
 17113 | Orc:2    | Noticed an orc warlord
 17194 | Orc:2    | Learned a level 4 spell: Cause Fear
 17199 | Orc:2    | Learned a level 4 spell: Passage of Golubria
 17216 | Orc:2    | Found a staircase to the Elven Halls.
 17265 | Orc:2    | Killed an orc warlord
 17270 | Orc:2    | HP: 1/88 [orc sorcerer/bolt of fire[an orc warlord] (33)]
 17274 | Orc:2    | Paralysed by an orc sorcerer for 6 turns
 17277 | Orc:2    | Slain by an orc warrior

Illustrated notes

Levels and vault maps discovered:
D:1:      wander_arrival_fairy_ring, layout_basic,
          hellmonk_ecumenical_altar_run_dry, serial_glass, glass_columns_a,
          glass_columns_a, minmay_misc_feat_plants
D:2:      layout_loops_ring, uniq_robin
D:3:      layout_basic, mainiacjoe_overflow_tiny_flanked,
          mainiacjoe_overflow_catwalk, serial_shops, shop, minmay_cupped
D:4:      layout_cave_pods, nicolae_take_the_stairs
D:5:      layout_loops_ring, dk_yredelemnul_ordeal, gammafunk_ghost_arena,
          uniq_eustachio, uniq_grinder, uniq_ijyb
D:6:      layout_loops_ring, minmay_temple_entry_wispy, serial_glass,
          glass_columns_c, glass_columns_a, kennysheep_opposing_triangles,
          uniq_menkaure, uniq_pikel, uniq_maggie, uniq_blork_the_orc
D:7:      layout_basic, kennysheep_another_room, kennysheep_generic_room_4
D:8:      nicolae_cairo_tiling, layout_rooms, fedhas_altar_4, uniq_grum,
          uniq_maurice, uniq_harold
D:9:      layout_irregular_city, mainiacjoe_overflow_small_starburst,
          makhleb_altar_promises_db, gammafunk_ghost_necromancy
D:10:     minmay_the_grid_triangle_9x9_recursive_2_mashed
          [minmay_the_grid_triangle_9x9_prize_top_heavy,
          minmay_the_grid_triangle_9x9_minimal,
          minmay_the_grid_triangle_9x9_thin_v,
          minmay_the_grid_triangle_9x9_checkered], layout_loops_ring,
          okawaru_ov_weapons_minmay, nzn_wu_jian_contemplation,
          kennysheep_generic_room_16
D:11:     kennysheep_seaside_town, layout_basic, david_orc_2
D:12:     layout_loops_ring
Orc:1:    layout_caves
Orc:2:    st_orc_pillars, layout_diamond_mine

Skill      XL: |  1  2  3  4  5  6  7  8  9 10 11 12 13 |
---------------+----------------------------------------+-----
Spellcasting   | 10 11 12 | 12.2
Invocations    | 1 2 3 4 5 6 7 8 |  8.8
Fighting       | 1 2 3 4 5 6 7 8 |  8.0
Short Blades   | 1 2 3 4 5 6 7 8 |  8.0
Long Blades    | 1 2 3 4 5 6 7 8 |  8.0
Axes           | 1 2 3 4 5 6 7 8 |  8.0
Maces & Flails | 1 2 3 4 5 6 7 8 |  8.0
Polearms       | 1 2 3 4 5 6 7 8 |  8.0
Staves         | 1 2 3 4 5 6 7 8 |  8.0
Slings         | 1 2 3 4 5 6 7 8 |  8.0
Bows           | 1 2 3 4 5 6 7 8 |  8.0
Crossbows      | 1 2 3 4 5 6 7 8 |  8.0
Throwing       | 1 2 3 4 5 6 7 8 |  8.0
Dodging        | 1 2 3 4 5 6 7 8 |  8.0
Stealth        | 1 2 3 4 5 6 7 8 |  8.0
Shields        | 1 2 3 4 5 6 7 8 |  8.0
Unarmed Combat | 1 2 3 4 5 6 7 8 |  8.0
Evocations     | 1 2 3 4 5 6 7 8 |  8.0
Conjurations   | 1 2 3 4 5 6 |  6.7
Hexes          | 1 2 3 4 5 6 |  6.7
Summonings     | 1 2 3 4 5 6 |  6.7
Necromancy     | 1 2 3 4 5 6 |  6.7
Translocations | 1 2 3 4 5 6 |  6.7
Transmutations | 1 2 3 4 5 6 |  6.7
Fire Magic     | 1 2 3 4 5 6 |  6.7
Ice Magic      | 1 2 3 4 5 6 |  6.7
Earth Magic    | 1 2 3 4 5 6 |  6.7
Poison Magic   | 1 2 3 4 5 6 |  6.7
Armour         | 5 6 7 8 9 |  9.3
Air Magic      | 8 9 |  9.8

Action                   |  1- 3 |  4- 6 |  7- 9 | 10-12 | 13-15 || total
-------------------------+-------+-------+-------+-------+-------++-------
Melee: Short sword       |    19 |       |       |       |       ||    19
       Bite              |     1 |    11 |     8 |    10 |       ||    30
       Dagger            |    13 |    91 |    39 |       |       ||   143
       Spear             |       |       |    20 |    80 |       ||   100
 Fire: Shortbow          |       |       |       |    43 |    19 ||    62
 Cast: Shock             |    46 |    84 |    44 |    81 |     4 ||   259
       Foxfire           |     9 |       |     1 |       |       ||    10
       Airstrike         |       |     3 |    65 |   295 |    57 ||   420
       Tukima's Dance    |       |       |       |     5 |       ||     5
Invok: Ancestor Life: Kn |       |       |     1 |       |       ||     1
       Recall Ancestor   |       |       |       |     3 |     1 ||     4
  Use: Potion            |       |       |       |     2 |     3 ||     5
       Scroll            |       |       |       |    16 |     3 ||    19
 Stab: Distracted        |       |       |       |     3 |       ||     3
Armor: Ring mail         |    25 |    31 |    11 |       |       ||    67
       Acid dragon scale |       |       |     5 |    65 |    17 ||    87
Dodge: Dodged            |    40 |    42 |    16 |   115 |    25 ||   238
